 Dungeon Crawl Stone Soup version 0.31.0-11-ge490571c62 (webtiles) character file.

Game seed: 7737438939979587511

725 hawla the Nimble (level 7, -6/57 HPs)
             Began as a Minotaur Fighter on Feb 5, 2024.
             Mangled by a two-headed ogre
             ... wielding a +0 giant spiked club
              (23 damage)
             ... on level 5 of the Dungeon.
             The game lasted 00:09:17 (3543 turns).

hawla the Nimble (Minotaur Fighter)                 Turns: 3543, Time: 00:09:18

Health: -6/57      AC:  9    Str: 21    XL:     7   Next: 43%
Magic:  15/15      EV:  9    Int:  5    God:
Gold:   229        SH:  9    Dex:  9    Spells: 6/6 levels left

rFire   . . .        a - +2 war axe
rCold   + . .        t - +1 kite shield
rNeg    . . .        u - +0 chain mail
rPois   .            (helmet restricted)
rElec   .            (no cloak)
rCorr   .            (no gloves)
SInv    .            (no boots)
Will    .....        j - amulet of Tigimeogg {rC+ Regen+ MP+9 Str-2} Stlth
                     (no ring)
HPRegen 1.09/turn    (no ring)
MPRegen 0.14/turn

%: no passive effects
@: no status effects
A: horns 2, retaliatory headbutt
a: no special abilities


You were on level 5 of the Dungeon.
You visited 1 branch of the dungeon, and saw 5 of its levels.
You also visited: Sewer.

You collected 229 gold pieces.

Inventory:

Hand Weapons
 a - a +2 war axe (weapon)
 k - the +8 hammer of the Establishment {drain, *Rage rF++ rCorr Str+3}
   (You found it on level 4 of the Dungeon)

   Str+3:     It affects your strength (+3).
   rF++:      It greatly protects you from fire.
   *Rage:     It berserks you when you make melee attacks (+20% chance).
   rCorr:     It protects you from acid and corrosion.
Missiles
 c - 6 boomerangs
 s - 11 poisoned darts (quivered)
Armour
 n - a +2 cloak
 t - a +1 kite shield (worn)
 u - a +0 chain mail (worn)
Jewellery
 f - an amulet of the acrobat
 j - the amulet of Tigimeogg (around neck) {rC+ Regen+ MP+9 Str-2}
   (You acquired it on level 4 of the Dungeon)

   [amulet of regeneration]

   Str-2:     It affects your strength (-2).
   rC+:       It protects you from cold.
   MP+9:      It affects your magic capacity (+9).
   Regen+:    It increases your rate of health regeneration.
 m - an amulet of faith
Wands
 o - a wand of flame (19)
 p - a wand of polymorph (3)
Scrolls
 b - 2 scrolls of identify
 g - 3 scrolls of teleportation
 h - a scroll of summoning
 r - a scroll of revelation
Potions
 d - 3 potions of might
 e - 3 potions of heal wounds
 i - 2 potions of haste
 l - 4 potions of curing
 q - a potion of lignification


   Skills:
 - Level 3.6 Fighting
 - Level 2.4 Axes
 - Level 3.6 Armour
 - Level 8.0 Dodging
 - Level 5.0 Shields
 + Level 1.8 Evocations


You had 6 spell levels left.
You didn't know any spells.
Your spell library was empty.

Dungeon Overview and Level Annotations

Branches:
Dungeon (5/15)              Sewer (visited)
 Temple: D:4-7

Altars:
Hepliaklqana


Innate Abilities, Weirdness & Mutations

You have a pair of horns on your head.
You reflexively headbutt those who attack you in melee.


Message History

You slash Grinder!
You kill Grinder!
Training target 8.0 for Dodging reached!
Your Dodging skill increases to level 8!
You need to enable at least one skill for training.
Your Evocations skill increases to level 1!
HP restored.
s - 6 poisoned darts (gained 1)
There is a stone staircase leading up here.
s - 7 poisoned darts (gained 1)
s - 8 poisoned darts (gained 1)
s - 9 poisoned darts (gained 1)
s - 10 poisoned darts (gained 1)
s - 11 poisoned darts (gained 1)
A two-headed ogre comes into view.
It is wielding two +0 giant spiked clubs.
The two-headed ogre shouts in stereo!
A two-headed ogre is nearby!
A two-headed ogre is nearby!
A two-headed ogre is nearby!
You block the two-headed ogre's attack. x2
You hit the two-headed ogre.
Your headbutt misses the two-headed ogre.
The two-headed ogre is lightly wounded.
You slash the two-headed ogre!
The two-headed ogre is moderately wounded.
The two-headed ogre hits you with a +0 giant spiked club!
You block the two-headed ogre's attack.
The two-headed ogre hits you with a +0 giant spiked club! x2
* * * LOW HITPOINT WARNING * * *
Aiming: Polymorph
Press: ? - help, Shift-Dir - straight line, f - two-headed ogre
Aim: a two-headed ogre, wielding two +0 giant spiked clubs (moderately wounded, will become a glowing orange brain, a tarantella, or a swamp worm, chance to affect: 36%)
The two-headed ogre easily resists.
Aiming: Throw Flame
Press: ? - help, Shift-Dir - straight line, f/p - two-headed ogre
Aim: a two-headed ogre, wielding two +0 giant spiked clubs (moderately wounded, 86% to hit)
The puff of flame hits the two-headed ogre!
The two-headed ogre is moderately wounded.
The two-headed ogre hits you with a +0 giant spiked club!!
You die...

#######
#############.....#
#...........#.###.##
#......<...........#
#.............###..#
#........:....#....#
#..........[.......#
#...........###@####
#......>....# #O#
#...........# #.#
#...........# #.#
+............# #.#
#########........#
........# ........#
....


You could see a two-headed ogre.

Vanquished Creatures
  Grinder (D:5)
  Pargi (Sewer)
  Crazy Yiuf (D:4)
  A bombardier beetle (D:4)
  4 hounds
  3 orc priests (D:4)
  An iguana (D:4)
  4 adders
  A river rat (D:3)
  2 ufetubi (D:4)
  4 dart slugs
  5 orcs
  7 ball pythons
  9 endoplasms
  4 giant cockroaches
  10 goblins
  6 hobgoblins
  7 jackals
  4 bats
  A frilled lizard (D:1)
  7 kobolds
  7 rats
90 creatures vanquished.

Notes
Turn   | Place    | Note
-------+----------+-------------------------------------------
     0 | D:1      | hawla the Minotaur Fighter began the quest for the Orb.
     0 | D:1      | Reached XP level 1. HP: 19/19 MP: 0/0
   304 | D:1      | Reached XP level 2. HP: 26/26 MP: 1/1
   808 | D:2      | Reached skill level 5 in Shields
   904 | D:2      | Reached XP level 3. HP: 31/31 MP: 2/2
   974 | D:2      | Reached skill level 1 in Dodging
  1351 | D:2      | Reached skill level 2 in Dodging
  1499 | D:3      | Reached XP level 4. HP: 30/39 MP: 3/3
  1504 | D:3      | Found a glowing drain.
  1514 | Sewer    | Entered a sewer
  1540 | Sewer    | Reached skill level 3 in Dodging
  1599 | Sewer    | Noticed Pargi
  1612 | Sewer    | Killed Pargi
  1613 | Sewer    | Reached skill level 4 in Dodging
  1613 | Sewer    | Reached XP level 5. HP: 33/45 MP: 4/4
  2330 | D:3      | Found a hazy altar of Hepliaklqana.
  2330 | D:3      | Found a faded altar of an unknown god.
  2557 | D:4      | Reached skill level 5 in Dodging
  2703 | D:4      | Reached XP level 6. HP: 50/51 MP: 5/5
  2720 | D:4      | Reached skill level 6 in Dodging
  2755 | D:4      | Found a runed translucent door.
  2756 | D:4      | Noticed Crazy Yiuf
  2757 | D:4      | Identified the +8 hammer of the Establishment {drain, *Rage
                  | rF++ rCorr Str+3}
  2850 | D:4      | Identified the +3 hammer "Giwkad" {heavy, *Corrode rF+ rN+}
  2854 | D:4      | Identified a scroll of acquirement
  2854 | D:4      | Acquired the amulet of Tigimeogg {rC+ Regen+ MP+9 Str-2}
  2940 | D:4      | Killed Crazy Yiuf
  3102 | D:4      | Reached skill level 7 in Dodging
  3434 | D:5      | Entered Level 5 of the Dungeon
  3434 | D:5      | Noticed Grinder
  3440 | D:5      | Paralysed by Grinder for 3 turns
  3445 | D:5      | Reached XP level 7. HP: 29/57 MP: 6/6
  3475 | D:5      | Killed Grinder
  3476 | D:5      | Reached skill level 8 in Dodging
  3476 | D:5      | Reached skill level 1 in Evocations
  3537 | D:5      | Noticed a two-headed ogre
  3543 | D:5      | Mangled by a two-headed ogre

Illustrated notes

Levels and vault maps discovered:
D:1:      eino_arrival_cavern_b, layout_basic
D:2:      cheibrodos_greedy_goblins, layout_basic
D:3:      layout_basic, beargit_hepliaklqana_dungeon_heroes,
          portal_sewer_entry_e, minivault_27, minmay_misc_feat_enclosed,
          minmay_misc_feat_five
D:4:      layout_cave_pools, hangedman_decor_clover_reticule,
          chequers_serial_rivers_micro_b, uniq_crazy_yiuf_cottage
D:5:      layout_basic, mainiacjoe_overflow_tiny_flanked,
          minmay_temple_entry_glass, gammafunk_ghost_mausoleum, uniq_grinder,
          uniq_edmund

Skill      XL: |  1  2  3  4  5  6  7 |
---------------+----------------------+-----
Shields        | 4 5 |  5.0
Dodging        | 2 4 5 7 8 |  8.0
Evocations     | 1 |  1.8
Fighting       | |  3.6
Axes           | |  2.4
Armour         | |  3.6

Action                     |  1- 3 |  4- 6 |  7- 9 || total
---------------------------+-------+-------+-------++-------
  Melee: War axe           |    83 |   105 |     5 ||   193
         Headbutt          |    10 |    12 |       ||    22
  Throw: Dart              |       |     4 |     4 ||     8
  Evoke: Wand              |       |       |     2 ||     2
    Use: Scroll            |    10 |     8 |       ||    18
 Armour: Scale mail        |    50 |    54 |       ||   104
         Chain mail        |       |    64 |     5 ||    69
  Dodge: Dodged            |    45 |    77 |       ||   122
  Block: Buckler           |    25 |    13 |       ||    38
         Kite shield       |       |    56 |     5 ||    61
